 Dungeon Crawl Stone Soup version 0.28.0-53-g5a82cb258f (webtiles) character file.

Game seed: 11538166312013442239

432 Ashen the Frenzied (level 6, 0/47 HPs)
             Began as a Demonspawn Wanderer on Aug 13, 2022.
             Was a Believer of Trog.
             Slain by an ogre
             ... wielding a +0 giant club
              (14 damage)
             ... on level 5 of the Dungeon on Aug 17, 2022.
             The game lasted 00:06:10 (3925 turns).

Ashen the Frenzied (Demonspawn Wanderer)            Turns: 3925, Time: 00:06:11

Health: 0/47       AC:  4    Str: 12    XL:     6   Next: 67%
Magic:  8/8        EV: 11    Int: 13    God:    Trog [**....]
Gold:   176        SH:  0    Dex: 15    Spells: 7/8 levels left

rFire   . . .      SeeInvis .   a - +0 hunting sling
rCold   . . .      Faith    .   (no shield)
rNeg    . . .      Spirit   .   d - +0 robe
rPois   .          Reflect  .   g - +1 hat
rElec   .          Harm     .   (no cloak)
rCorr   .          Rampage  .   (no gloves)
Will    .....                   (no boots)
Stlth   +.........              (no amulet)
HPRegen 0.15/turn               (no ring)
MPRegen 0.11/turn               (no ring)

@: no status effects
A: demonic guardian 1, foul stench 1, sharp scales 1
a: Renounce Religion, Berserk, Trog's Hand


You were on level 5 of the Dungeon.
You worshipped Trog.
Trog was pleased with you.
You visited 1 branch of the dungeon, and saw 5 of its levels.

You collected 176 gold pieces.

Inventory:

Hand Weapons
 a - a +0 hunting sling (weapon)
Missiles
 b - 26 sling bullets
 k - 52 stones (quivered ammo)
Armour
 d - a +0 robe (worn)
 g - a +1 hat (worn)
Wands
 c - a wand of flame (2)
Scrolls
 f - a scroll of silence {unknown}
 h - a scroll of enchant armour {unknown}
 l - a scroll of noise {unknown}
 m - 4 scrolls of identify {unknown}
 o - a scroll of amnesia {unknown}
 r - a scroll of immolation {unknown}
 s - a scroll of fog {unknown}
 t - a scroll of teleportation {unknown}
Potions
 e - a potion of degeneration {unknown}
 i - 2 potions of invisibility {unknown}
 j - 2 potions of magic {unknown}
 n - 2 potions of curing {unknown}
 p - a potion of might {unknown}
 q - a potion of haste
 u - a potion of resistance
 v - a potion of brilliance {unknown}


   Skills:
 + Level 3.0 Fighting
 + Level 3.0 Slings
 + Level 2.8 Armour
 - Level 1.5 Spellcasting
 - Level 2.1 Fire Magic
 + Level 3.9 Invocations
 + Level 3.4 Evocations


You had 7 spell levels left.
You knew the following spells:

 Your Spells              Type           Power      Damage    Failure   Level
a - Foxfire               Conj/Fire      12%        2x1d4     17%         1

Your spell library contained the following spells:

 Spells                   Type           Power      Damage    Failure   Level
 Scorch                   Fire           12%        2d6       17%         2
 Static Discharge         Conj/Air       1%         N/A       38%         2
 Sticky Flame             Conj/Fire      3%         2d3       86%         4
 Lightning Bolt           Conj/Air       0%         1d11      100%        5
 Maxwell's Capacitive Co  Air            0%         ∞         100%        8


Dungeon Overview and Level Annotations

Branches:
Dungeon (5/15)
 Temple: D:4-7

Altars:
Trog


Innate Abilities, Weirdness & Mutations

A weak demonic guardian rushes to your aid.
You may rarely emit foul miasma when damaged in melee.
You are partially covered in razor-sharp scales. (AC +1, Slay +1)


Message History

Your demonic guardian avoids your attack.
The stone hits the ogre.
The ogre is moderately wounded.
Your shadow imp hits the ogre.
The ogre completely misses your shadow imp.
You shoot a stone.
Your demonic guardian avoids your attack.
The stone hits the ogre.
The ogre is heavily wounded.
Your shadow imp barely misses the ogre.
The ogre closely misses your shadow imp.
You shoot a stone.
Your demonic guardian avoids your attack.
The stone hits the ogre.
The ogre is heavily wounded.
Your shadow imp hits the ogre but does no damage.
The ogre hits your shadow imp with a +0 giant club!!
Your shadow imp dies!
Your shadow imp disappears in a puff of smoke!
You shoot a stone. The stone hits the ogre.
The ogre is severely wounded.
You shoot a stone.
The stone hits the ogre but does no damage.
The ogre is severely wounded.
You shoot a stone. The stone barely misses the ogre.
You shoot a stone. The stone barely misses the ogre.
The ogre hits you with a +0 giant club!!
Ouch! That really hurt!
* * * LOW HITPOINT WARNING * * *
A demonic guardian appears!
You are too injured to fight recklessly!
You are too injured to fight recklessly!
You are too injured to fight recklessly!
Fire: 53 stones
Press: ? - help, Q - select action, (/) - cycle Shift-Dir - straight line, f/p - ogre
Aim: an ogre, wielding a +0 giant club (severely wounded, ally target, 76% to hit)
You shoot a stone. The stone hits the ogre.
The ogre is severely wounded.
The ogre hits you with a +0 giant club!
You die...

#.#####.#.........
##.##....#.........
#...#.###..........
#...#.# ##.........
#...#.# #.........
#.....# #.........
#...### ##########
#...# #.@.# #.O5#
#.(.# #.(.# .....
...?..# ...(..#
#...((.#


You could see an ogre (ally target) and a friendly white imp (summoned).

Vanquished Creatures
  A necrophage (D:4)
  An ogre (D:5)
  A jelly (D:5)
  2 hounds (D:5)
  A bullfrog skeleton (D:4)
  2 gnolls (D:2)
  An adder (D:5)
  3 worms
  2 dart slugs
  11 orcs
  4 ball pythons
  4 endoplasms
  9 giant cockroaches
  5 goblins
  7 hobgoblins
  2 kobolds
  8 quokkas
  7 bats
  8 frilled lizards
  9 rats
88 creatures vanquished.

Vanquished Creatures (collateral kills)
  A worm (D:4)
1 creature vanquished.

Vanquished Creatures (others)
  9 plants (D:2)
9 creatures vanquished.

Grand Total: 98 creatures vanquished

Notes
Turn   | Place    | Note
-------+----------+-------------------------------------------
     0 | D:1      | Ashen the Demonspawn Wanderer began the quest for the Orb.
     0 | D:1      | Ashen set off with the following items: a +0 hunting sling,
                  | 15 sling bullets, a wand of flame (7), a +0 robe; and the
                  | following spell memorised: Foxfire; and the following
                  | spells available to memorise: Scorch, Sticky Flame
     0 | D:1      | Reached XP level 1. HP: 15/15 MP: 2/2
   112 | D:1      | Gained mutation: You are partially covered in razor-sharp
                  | scales. (AC +1, Slay +1) [demonic ancestry]
   112 | D:1      | Reached XP level 2. HP: 21/21 MP: 3/3
   412 | D:1      | Reached XP level 3. HP: 26/26 MP: 4/4
  1390 | D:2      | Gained mutation: You may rarely emit foul miasma when
                  | damaged in melee. [demonic ancestry]
  1390 | D:2      | Reached XP level 4. HP: 28/32 MP: 6/6
  1514 | D:2      | Found a faded altar of an unknown god.
  1772 | D:2      | Prayed at the altar of an unknown god.
  1772 | D:2      | Became a worshipper of Trog the Wrathful
  1772 | D:2      | Reached * piety under Trog
  2407 | D:3      | Reached ** piety under Trog
  2853 | D:4      | Noticed a necrophage
  2869 | D:4      | Killed a necrophage
  2870 | D:4      | Gained mutation: A weak demonic guardian rushes to your
                  | aid. [demonic ancestry]
  2870 | D:4      | Reached XP level 5. HP: 25/39 MP: 7/7
  3546 | D:5      | Entered Level 5 of the Dungeon
  3559 | D:5      | Reached XP level 6. HP: 31/46 MP: 8/8
  3925 | D:5      | Slain by an ogre

Illustrated notes

Levels and vault maps discovered:
D:1:      wander_arrival_peaceful_grave, layout_loops_ring
D:2:      wad_woods_tower, layout_basic, ebering_ecumenical_altar_rust,
          nrook_uturn
D:3:      layout_basic
D:4:      layout_basic
D:5:      layout_basic, mainiacjoe_overflow_boulevard,
          minmay_temple_entry_crystal_x

Skill      XL: |  1  2  3  4  5  6 |
---------------+-------------------+-----
Slings         | 2 3 |  3.0
Invocations    | 2 3 |  3.9
Fire Magic     | 2 |  2.1
Fighting       | 2 3 |  3.0
Armour         | 2 |  2.8
Evocations     | 3 |  3.4
Spellcasting   | |  1.5

Action                   |  1- 3 |  4- 6 || total
-------------------------+-------+-------++-------
 Fire: Hunting sling     |    99 |   225 ||   324
Evoke: Wand              |     5 |       ||     5
Armor: Robe              |     5 |    19 ||    24
Dodge: Dodged            |    23 |    53 ||    76
